AoeStats
← jmr99

Arabia

510716360Analyzed
1v1 RM · 14h ago on Oct 2, 2026· 56m 19s· 2 players
Game mode
Random Map
Map size
Tiny (2 player)
Population
200
Speed
Normal
Resources
Standard
Victory
Conquest
Starting age
Dark Age
Ending age
Imperial Age
RankedLock teamsTeams togetherTeam positionsShared explorationLock speedFull tech treeHidden civsTurbo modeCheats
Victory
Defeat
🇬🇧 Britons · United Kingdom
928
+14
🇭🇰 Huns · Hong Kong SAR China
885
-14
jmr99
6:23 Loom
9:16 Feudal Age
9:45 Double-Bit Axe
12:05 Wheelbarrow
14:03 Fletching
15:57 Padded Archer Armor
16:07 Forging
21:27 Castle Age
20:05 Horse Collar
20:54 Scale Mail Armor
21:07 Forging
21:45 Pikeman
22:50 Chain Mail Armor
23:10 Iron Casting
23:38 Bow Saw
23:03 Crossbowman
27:34 Bodkin Arrow
29:24 Gold Mining
31:05 Ballistics
30:56 Masonry
31:48 Leather Archer Armor
32:11 Heavy Plow
34:08 Yeomen
38:32 Imperial Age
37:54 Hand Cart
37:25 Town Watch
39:28 Squires
39:18 Arbalester
40:00 Bracer
41:00 Blast Furnace
41:47 Halberdier
43:10 Architecture
44:02 Chemistry
44:18 Warwolf
44:39 Conscription
46:57 Light Cavalry
49:01 Hoardings
47:46 Elite Longbowman
49:22 Ring Archer Armor
48:53 Murder Holes
52:09 Scale Barding Armor
52:39 Plate Mail Armor
56:15 Chain Barding Armor
56:10 Siege Engineers
tommyhk
11:33 Feudal Age
12:58 Double-Bit Axe
13:52 Wheelbarrow
14:26 Bloodlines
21:13 Scale Barding Armor
21:04 Horse Collar
25:02 Castle Age
23:04 Gold Mining
24:11 Forging
26:43 Husbandry
26:43 Fletching
27:28 Iron Casting
27:19 Elite Skirmisher
29:17 Gold Shaft Mining
29:21 Heavy Plow
29:53 Bow Saw
30:46 Light Cavalry
32:46 Ballistics
32:36 Padded Archer Armor
33:33 Hand Cart
34:17 Leather Archer Armor
34:12 Bodkin Arrow
39:24 Imperial Age
36:57 Stone Mining
37:21 Masonry
37:49 Iron Casting
38:18 Loom
38:19 Town Watch
39:16 Thumb Ring
39:40 Chain Barding Armor
41:28 Chemistry
40:30 Bracer
42:24 Murder Holes
48:39 Hussar
Connection lost

Rejoining the realm…

Still unreachable

The connection could not be restored.

Session expired

The server has moved on; the page needs a fresh start.